 Dungeon Crawl Stone Soup version 0.27.1 (webtiles) character file.

Game seed: 11063553358525375304

36 SeanNever the Shield-Bearer (level 3, -1/33 HPs)
             Began as a Minotaur Fighter on Sept 1, 2021.
             Slain by a black bear (2 damage)
             ... on level 4 of the Dungeon.
             The game lasted 00:02:12 (388 turns).

SeanNever the Shield-Bearer (Minotaur Fighter)       Turns: 388, Time: 00:02:12

Health: -1/33      AC:  7    Str: 20    XL:     3   Next: 19%
Magic:  2/2        EV:  7    Int:  5    God:
Gold:   10         SH:  9    Dex: 10    Spells: 2/2 levels left

rFire    . . .     SeeInvis .   a - +0 rapier
rCold    . . .     Faith    .   c - +0 kite shield
rNeg     + . .     Spirit   .   b - +0 scale mail
rPois    .         Reflect  .   (helmet restricted)
rElec    .         Harm     .   (no cloak)
rCorr    .         Rampage  .   (no gloves)
Will     .....                  (no boots)
Stlth    ..........             (no amulet)
HPRegen  0.11/turn              f - ring of positive energy
MPRegen  0.08/turn              (no ring)

@: no status effects
A: horns 2, retaliatory headbutt
a: no special abilities


You were on level 4 of the Dungeon.
You visited 1 branch of the dungeon, and saw 4 of its levels.

You collected 10 gold pieces.

Inventory:

Hand Weapons
 a - a +0 rapier (weapon)
Armour
 b - a +0 scale mail (worn)
 c - a +0 kite shield (worn)
Jewellery
 f - a ring of positive energy (left hand)
Potions
 d - a potion of might
 e - 3 potions of curing {unknown}


   Skills:
 + Level 3.9 Fighting
 + Level 2.6 Short Blades
 + Level 4.0 Armour
 + Level 0.5 Dodging
 + Level 4.3 Shields


You had 2 spell levels left.
You didn't know any spells.
Your spell library contained the following spells:

 Spells                   Type           Power      Damage    Failure   Level
 Ignite Poison            Fire/Tmut/Pois 0%         N/A       100%        3
 Mephitic Cloud           Conj/Pois/Air  0%         N/A       100%        3
 Bolt of Magma            Conj/Fire/Erth 0%         4d4       100%        5


Dungeon Overview and Level Annotations

Branches:
Dungeon (4/15)
 Temple: D:4-7

Altars:


Innate Abilities, Weirdness & Mutations

You have a pair of horns on your head.
You reflexively headbutt those who attack you in melee.


Message History

Your Armour skill increases to level 4!
You barely miss the black bear.
The black bear bites you but does no damage.
The black bear claws you but does no damage.
You block the black bear's attack.
You hit the black bear.
The black bear is lightly wounded.
The black bear bites you but does no damage.
The black bear claws you.
The black bear claws you but does no damage.
You block the black bear's attack. The black bear claws you. x2
You hit the black bear but do no damage.
Your headbutt misses the black bear. You block the black bear's attack.
The black bear claws you but does no damage. x2
You completely miss the black bear. You headbutt the black bear.
The black bear is lightly wounded.
The black bear bites you but does no damage.
The black bear barely misses you. The black bear claws you.
Your shield and scale mail prevent you from hitting the black bear.
You headbutt the black bear.
The black bear is lightly wounded.
The black bear bites you.
* * * LOW HITPOINT WARNING * * *
The black bear claws you but does no damage.
The black bear barely misses you.
The black bear bites you but does no damage.
You block the black bear's attack. x2
The black bear bites you but does no damage.
The black bear claws you but does no damage. x2
You barely miss the black bear.
The black bear is lightly wounded.
You block the black bear's attack. x3
The black bear bites you.
* * * LOW HITPOINT WARNING * * *
The black bear claws you.
* * * LOW HITPOINT WARNING * * *
The black bear completely misses you.
There is an escape hatch in the ceiling here.
The black bear bites you.
You die...

### #.#.# #.#.# #.#.#
#.#.# ##### #.#.#
##..@## #.#<#
#..#h.#####.#.#
#.###.........#######
#..#..#####.........#
##...## #########.#
##.## #.# #.# #.#


You could see a black bear.

Vanquished Creatures
  An adder (D:2)
  An ufetubus (D:4)
  A ball python (D:2)
  A bat (D:1)
  An endoplasm (D:2)
  2 giant cockroaches
  3 goblins
  2 hobgoblins
  4 jackals (D:1)
  A quokka (D:1)
  A frilled lizard (D:3)
18 creatures vanquished.

Vanquished Creatures (others)
  A dart slug (D:3)
1 creature vanquished.

Grand Total: 19 creatures vanquished

Notes
Turn   | Place    | Note
-------+----------+-------------------------------------------
     0 | D:1      | SeanNever the Minotaur Fighter began the quest for the Orb.
     0 | D:1      | Reached XP level 1. HP: 19/19 MP: 0/0
   102 | D:1      | Reached XP level 2. HP: 9/27 MP: 1/1
   270 | D:3      | Reached XP level 3. HP: 6/33 MP: 2/2
   359 | D:4      | Noticed a black bear
   386 | D:4      | HP: 1/33 [black bear (3)]
   388 | D:4      | Slain by a black bear

Illustrated notes

Levels and vault maps discovered:
D:1:      dpeg_arrival_more_subterranean_lakeside_camping, layout_loops_ring,
          minivault_27
D:2:      layout_basic, chequers_ecumenical_altar_grove, item_on_display_a
D:3:      layout_basic, pdpol_temple_overflow_zin_treasury_gozag_greed,
          worldfamousw_hep_ancestral_shrine, lemuel_flame_loot_1
D:4:      layout_loops_ring, lemuel_round_altar,
          gammafunk_temple_overflow_elements, mainiacjoe_overflow_alcove_1,
          minmay_increasing_density, uniq_sigmund

Skill      XL: |  1  2  3 |
---------------+----------+-----
Shields        | 4 |  4.3
Armour         | 4 |  4.0
Fighting       | |  3.9
Short Blades   | |  2.6
Dodging        | |  0.5

Action                   || total
-------------------------++-------
Melee: Rapier            ||    53
       Headbutt          ||     7
Armor: Scale mail        ||    48
Dodge: Dodged            ||    28
Block: Kite shield       ||    54
